 Dungeon Sprint DCSS version 0.31-a0-960-g0fca184906 (webtiles) character file.

Game seed: 3143099953975058914

28501 sircluck the Brawler (level 13, -7/157 HPs)
             Began as a Troll Berserker on Oct 23, 2023.
             Was the Champion of Trog.
             Mangled by Rupert
             ... wielding a +0 great mace of venom
              (18 damage)
             ... in the Dungeon (Sprint VII: "The Pits").
             The game lasted 00:06:45 (1638 turns).

sircluck the Brawler (Troll Berserker)              Turns: 1638, Time: 00:06:45

Health: -7/157     AC:  4    Str: 32    XL:     13   Next: 10%
Magic:  12/12      EV: 14    Int:  3    God:    Trog [******]
Gold:   12         SH:  0    Dex:  9    Spells: 12/12 levels left

rFire   . .          .
                       - Unarmed
rCold   + . .        (no shield)
rNeg    . . .        a - +0 animal skin
rPois   +            (helmet restricted)
rElec   .            (no cloak)
rCorr   .            (gloves unavailable)
SInv    .            (boots unavailable)
Will    .....        (no amulet)
Stlth   +            v - ring of protection from cold
HPRegen 1.26/turn    u - ring of poison resistance
MPRegen 0.13/turn

%: no teleportation
@: no status effects
A: large, unfitting armour, claws 3, regeneration 1, shaggy fur 1, tough skin 1
a: Renounce Religion, Berserk, Trog's Hand, Brothers in Arms


You were in the Dungeon.
You worshipped Trog.
Trog was exalted by your worship.
You visited 1 branch You collected 12 gold pieces.

Inventory:

Missiles
 o - 5 large rocks (quivered)
Armour
 a - a +0 animal skin (worn)
Jewellery
 k - a +3 ring of intelligence
 m - a +3 ring of intelligence
 u - a ring of poison resistance (right claw)
 v - a ring of protection from cold (left claw)
Wands
 w - a wand of paralysis (13)
 y - a wand of flame (9)
Scrolls
 g - 2 scrolls of blinking
 i - 2 scrolls of vulnerability
 j - a scroll of butterflies
 p - 4 scrolls of fear
 q - 4 scrolls of enchant weapon
 r - 4 scrolls of enchant armour
 t - a scroll of fog
 x - a scroll of identify
Potions
 b - 8 potions of curing
 c - 11 potions of heal wounds
 d - 3 potions of haste
 e - 4 potions of magic
 f - 4 potions of berserk rage
 h - 2 potions of invisibility
 l - a potion of might
 n - a potion of resistance
 s - a potion of mutation


   Skills:
 + Level 17.4 Fighting
 + Level 3.0 Armour
 + Level 17.2 Dodging
 + Level 20.1 Unarmed Combat


You had 12 spell levels left.
You didn't know any spells.
Your spell library was empty.

Dungeon Overview and Level Annotations

Branches:
Dungeon (1/1)

Altars:
Ashenzari
Cheibriados
Dithmenos
Elyvilon
Fedhas
Gozag
Hepliaklqana
Kikubaaqudgha
Makhleb
Nemelex Xobeh
Okawaru
Qazlal
Ru
Sif Muna
Trog
Uskayaw
Vehumet
Wu Jian
Xom
Yredelemnul
Zin
The Shining One
Jiyva
Lugonu

Annotations:
D Rupert


Innate Abilities, Weirdness & Mutations

You are too large for most types of armour.
You have claws for hands.
Your natural rate of healing is unusually fast.
You are covered in fur. (AC +1)
You have tough skin. (AC +1)


Message History

You mangle something!! Something hits you!
You mangle something!! Trog accepts your kill.
Reactivating autopickup.
You feel a bit more experienced.
Rupert the Wild comes into view.
He is wielding a +0 great mace of venom.
Your Armour skill increases to level 3!
You closely miss Rupert. You mangle Rupert!!
Rupert is moderately wounded.
Rupert closely misses you.
You barely miss Rupert.
Rupert is moderately wounded.
You claw Rupert!
Rupert is moderately wounded.
Rupert hits you with a +0 great mace of venom!!
You completely miss Rupert.
Rupert is moderately wounded.
Rupert hits you with a +0 great mace of venom!!
You are poisoned.
You closely miss Rupert.
Rupert is moderately wounded.
You feel very sick.
You eviscerate Rupert!!!
Rupert is severely wounded.
You feel very sick.
Rupert hits you with a +0 great mace of venom!
* * * LOW HITPOINT WARNING * * *
You feel very sick. Rupert attacks as he pursues you!
Rupert hits you with a +0 great mace of venom!
* * * LOW HITPOINT WARNING * * *
You see here a +0 plate armour of willpower.
Unknown command.
Unknown command.
Unknown command.
You feel better.
Rupert hits you with a +0 great mace of venom!!
You die...
Rupert roars with triumph.

+....... #.......
################..#....
.......p§.....''.......
........).....''.......
#########)##..##..#....
#.#[#.#.#(#..##.......
#.#/#.#.##..##.......
#.#@#?#[#..####''###
#@#.#.##..####''###
#[#.#.#.#..##......# ##
######..##.#'##.# ### #.#).+.#
_.# #.+..#.# _.# #.#.:+.#
..###########++###########.+:)#.#
#'##................##..##.##)#.#


You could see Rupert.

Vanquished Creatures
  A nagaraja (D)
  An ettin (D)
  A hydra (D)
  4 alligators (D)
  A demonic crawler (D)
  An orc high priest (D)
  A death yak (D)
  2 sixfirhies (D)
  A naga ritualist (D)
  2 orc knights (D)
  An arcanist (D)
  A wolf spider (D)
  An orc sorcerer (D)
  A cyclops (D)
  A rust devil (D)
  2 unseen horrors (D)
  An efreet (D)
  2 freezing wraiths (D)
  A tarantella (D)
  A tyrant leech (D)
  A dream sheep (D)
  2 glass eyes (D)
  2 spriggans (D)
  A jumping spider (D)
  4 hogs (D)
  Eustachio (D)
  3 vampire mosquitoes (D)
  Edmund (D)
  A naga (D)
  A water moccasin (D)
  An ice beast (D)
  3 centaurs (D)
  A kobold brigand (D)
  A scorpion (D)
  A necrophage (D)
  A killer bee (D)
  2 crimson imps (D)
  A jelly (D)
  2 orc priests (D)
  2 orc wizards (D)
  An adder (D)
  An adder simulacrum (D)
  6 orcs (D)
  A ball python (D)
  A hobgoblin (D)
  5 jackals (D)
  2 quokkas (D)
  2 ball python skeletons (D)
  2 bats (D)
  A goblin (D)
  2 kobolds (D)
83 creatures vanquished.

Vanquished Creatures (collateral kills)
  Kirke (D)
  Donald (D)
  A nagaraja (D)
  A lorocyproca (D)
  An eidolon (D)
  Erica (D)
  A naga warrior (D)
  A naga sharpshooter (D)
  A shadow wraith (D)
  A flayed ghost (D)
  A cyclops (D)
  A molten gargoyle (D)
  A smoke demon (D)
  A cane toad (D)
  A kobold demonologist (D)
  A komodo dragon (D)
  An unseen horror (D)
  Prince Ribbit (D)
  A troll (D)
  A hornet (D)
  8 dream sheep (D)
  A spriggan (D)
  A flying skull (D)
  A vampire (D)
  A basilisk (D)
  A hog (D)
  2 redbacks (D)
  A warg (D)
  2 orc warriors (D)
  A black bear (D)
  A sky beast (D)
  A phantom (D)
  An earth elemental (D)
  9 killer bees (D)
  A hell rat (D)
  A white imp (D)
  A worm (D)
  6 orcs (D)
  A kobold (D)
61 creatures vanquished.

Grand Total: 144 creatures vanquished

Notes
Turn   | Place    | Note
-------+----------+-------------------------------------------
     0 | D        | sircluck the Troll Berserker began the quest for the Orb.
     0 | D        | Reached XP level 1. HP: 22/22 MP: 0/0
    20 | D        | Found a bloodstained altar of Trog.
    20 | D        | Found a shimmering blue altar of Sif Muna.
    20 | D        | Found a viscous altar of Jiyva.
    20 | D        | Found a hazy altar of Hepliaklqana.
    20 | D        | Found an opulent altar of Gozag.
    21 | D        | Found a glowing golden altar of the Shining One.
    21 | D        | Found a glowing silver altar of Zin.
    21 | D        | Found a basalt altar of Yredelemnul.
    21 | D        | Found a shimmering altar of Xom.
    21 | D        | Found an ornate altar of the Wu Jian Council.
    21 | D        | Found a sacrificial altar of Ru.
    21 | D        | Found a stormy altar of Qazlal.
    21 | D        | Found an iron altar of Okawaru.
    21 | D        | Found a sparkling altar of Nemelex Xobeh.
    21 | D        | Found a burning altar of Makhleb.
    21 | D        | Found a blossoming altar of Fedhas.
    21 | D        | Found a white marble altar of Elyvilon.
    21 | D        | Found a shadowy altar of Dithmenos.
    21 | D        | Found a snail-covered altar of Cheibriados.
    23 | D        | Found a radiant altar of Vehumet.
    23 | D        | Found a corrupted altar of Lugonu.
    24 | D        | Found a hide-covered altar of Uskayaw.
    24 | D        | Found an ancient bone altar of Kikubaaqudgha.
    24 | D        | Found a broken altar of Ashenzari.
    63 | D        | Noticed a scorpion
    67 | D        | Killed a scorpion
    68 | D        | Reached skill level 5 in Unarmed Combat
    68 | D        | Reached XP level 2. HP: 26/33 MP: 1/1
    68 | D        | Reached XP level 3. HP: 32/40 MP: 2/2
    70 | D        | Reached ** piety under Trog
    95 | D        | Reached *** piety under Trog
    97 | D        | Reached XP level 4. HP: 49/49 MP: 3/3
   100 | D        | Reached **** piety under Trog
   150 | D        | Noticed a glass eye
   150 | D        | Noticed Edmund
   179 | D        | Killed a glass eye
   180 | D        | Reached skill level 7 in Unarmed Combat
   180 | D        | Reached XP level 5. HP: 61/61 MP: 4/4
   184 | D        | Killed Edmund
   185 | D        | Reached skill level 8 in Unarmed Combat
   185 | D        | Reached XP level 6. HP: 71/71 MP: 5/5
   186 | D        | Reached ***** piety under Trog
   253 | D        | Noticed an ice beast
   259 | D        | Killed an ice beast
   260 | D        | Reached skill level 9 in Unarmed Combat
   287 | D        | Reached XP level 7. HP: 76/79 MP: 6/6
   289 | D        | Noticed a spriggan
   293 | D        | Killed a spriggan
   293 | D        | Received a gift from Trog
   305 | D        | Reached skill level 10 in Unarmed Combat
   322 | D        | Noticed a sixfirhy
   327 | D        | Killed a sixfirhy
   328 | D        | Reached skill level 11 in Unarmed Combat
   328 | D        | Reached XP level 8. HP: 93/93 MP: 7/7
   331 | D        | Received a gift from Trog
   546 | D        | Noticed a jumping spider
   550 | D        | Killed a jumping spider
   551 | D        | Reached skill level 10 in Fighting
   551 | D        | Reached skill level 10 in Dodging
   552 | D        | Killed an unseen horror
   553 | D        | Reached skill level 12 in Unarmed Combat
   553 | D        | Reached XP level 9. HP: 74/102 MP: 8/8
   564 | D        | Killed a shadow wraith
   566 | D        | Received a gift from Trog
   568 | D        | Reached skill level 13 in Unarmed Combat
   573 | D        | Identified the +11 bardiche of Otiqarph {heavy, Fragile
                  | rElec rF+} (Trog gifted it to you in the Dungeon)
   573 | D        | Received a gift from Trog
   588 | D        | Noticed a cyclops
   588 | D        | Noticed a death yak
   590 | D        | Noticed a freezing wraith
   594 | D        | Reached XP level 10. HP: 109/115 MP: 9/9
   599 | D        | Noticed an orc knight
   600 | D        | Reached skill level 14 in Unarmed Combat
   604 | D        | Killed a death yak
   607 | D        | Killed a cyclops
   616 | D        | Killed an orc knight
   627 | D        | Identified the +0 falchion of Pantheism {flame, Str+2
                  | Dex+2} (Trog gifted it to you in the Dungeon)
   627 | D        | Received a gift from Trog
   641 | D        | Noticed a molten gargoyle
   646 | D        | Reached skill level 15 in Unarmed Combat
   647 | D        | Killed a molten gargoyle
   714 | D        | Noticed an orc knight
   729 | D        | Killed an orc knight
   729 | D        | Reached ****** piety under Trog
   739 | D        | Noticed Prince Ribbit
   750 | D        | Noticed a cane toad
   750 | D        | Killed Prince Ribbit
   751 | D        | Reached XP level 11. HP: 73/127 MP: 10/10
   751 | D        | Noticed an orc high priest
   753 | D        | Noticed an eidolon
   757 | D        | Received a gift from Trog
   768 | D        | Reached skill level 16 in Unarmed Combat
   769 | D        | Killed an orc high priest
   771 | D        | Received a gift from Trog
   773 | D        | Killed an eidolon
   813 | D        | Noticed a wolf spider
   813 | D        | Noticed an orc sorcerer
   820 | D        | Killed a wolf spider
   820 | D        | Received a gift from Trog
   825 | D        | Killed an orc sorcerer
   840 | D        | Received a gift from Trog
   928 | D        | Found the +3 greatsling "Punk" {acid, rCorr}
   992 | D        | Noticed a demonic crawler
   992 | D        | Noticed a four-headed hydra
   999 | D        | Killed a demonic crawler
  1000 | D        | Reached skill level 17 in Unarmed Combat
  1000 | D        | Killed a five-headed hydra
  1097 | D        | Reached skill level 15 in Fighting
  1106 | D        | Noticed an alligator
  1116 | D        | Killed an alligator
  1179 | D        | Noticed Eustachio
  1179 | D        | Noticed an alligator
  1187 | D        | Killed an alligator
  1188 | D        | Reached skill level 15 in Dodging
  1203 | D        | Killed Eustachio
  1250 | D        | Noticed Erica
  1250 | D        | Noticed a naga sharpshooter
  1259 | D        | Killed Erica
  1260 | D        | Reached XP level 12. HP: 137/143 MP: 11/11
  1260 | D        | Noticed a naga warrior
  1266 | D        | Received a gift from Trog
  1267 | D        | Reached skill level 18 in Unarmed Combat
  1268 | D        | Killed a naga warrior
  1330 | D        | Identified the +10 giant spiked club of Puaf {heavy, rF+
                  | rC+ Int-2 SInv} (Trog gifted it to you in the Dungeon)
  1330 | D        | Received a gift from Trog
  1424 | D        | Noticed Kirke
  1440 | D        | Received a gift from Trog
  1446 | D        | Killed Kirke
  1527 | D        | Noticed an alligator
  1538 | D        | Killed a lorocyproca
  1539 | D        | Reached skill level 19 in Unarmed Combat
  1552 | D        | Noticed a nagaraja
  1555 | D        | Noticed Donald
  1560 | D        | Killed a nagaraja
  1560 | D        | Received a gift from Trog
  1562 | D        | Killed an alligator
  1567 | D        | Killed Donald
  1569 | D        | Noticed an alligator
  1570 | D        | Noticed an ettin
  1574 | D        | Killed an ettin
  1576 | D        | Killed an alligator
  1576 | D        | Received a gift from Trog
  1606 | D        | Noticed a nagaraja
  1609 | D        | Killed a nagaraja
  1609 | D        | Received a gift from Trog
  1610 | D        | Reached skill level 20 in Unarmed Combat
  1610 | D        | Reached XP level 13. HP: 102/156 MP: 12/12
  1629 | D        | Noticed Rupert
  1637 | D        | HP: 5/157 [Rupert/+0 great mace of venom (13)]
  1638 | D        | Mangled by Rupert

Illustrated notes

Levels and vault maps discovered:
D:        pitsprint [storerooms_1, entrance_room_1, metal_vault_4, armoury_2,
          mini_pit_1, grid_room_1, main_hall_1, silver_pit, the_coven_1,
          the_vestibule_1, steel_vault_3, golden_pit, hallway_of_sentries,
          crystal_vault_3, iron_vault_4, final_vault]

Skill      XL: |  1  2  3  4  5  6  7  8  9 10 11 12 13 |
---------------+----------------------------------------+-----
Fighting       | 4 6 7 9 10 11 13 15 17 | 17.4
Dodging        | 4 6 7 9 10 11 13 15 17 | 17.2
Unarmed Combat | 5 7 8 9 11 12 13 15 17 20 | 20.1
Armour         | 2 3 |  3.0

Action                     |  1- 3 |  4- 6 |  7- 9 | 10-12 | 13-15 || total
---------------------------+-------+-------+-------+-------+-------++-------
  Melee: Unarmed           |    21 |    39 |    30 |   150 |    19 ||   259
         Punch             |       |       |     2 |    11 |     1 ||    14
  Throw: Large rock        |       |       |       |     1 |       ||     1
 Invoke: Berserk           |       |     1 |     1 |     2 |       ||     4
         Brothers in Arms  |       |       |     2 |    10 |       ||    12
    Use: Potion            |       |       |       |     5 |     1 ||     6
   Stab: Distracted        |       |       |       |     1 |       ||     1
 Armour: Animal skin       |    14 |    16 |    21 |   134 |    10 ||   195
         Skin              |       |       |       |     7 |       ||     7
  Dodge: Dodged            |    13 |    12 |     8 |    97 |     7 ||   137

Table legend: (Time is in decaauts)
 A = Elapsed time spent in this place.
 B = Non-inter-level travel time spent in this place.
 C = Inter-level travel time spent in this place.
 D = Time resting spent in this place.
 E = Time spent auto-exploring this place.
 F = Levels seen in this place.
 G = Mean time per level.
                   A        B        C        D        E       F      G
               +--------+--------+--------+--------+--------+-----+--------+
         Total |   1621 |   1614 |      7 |    497 |    370 |   1 | 1621.0 |
       Dungeon |   1621 |   1614 |      7 |    497 |    370 |   1 | 1621.0 |
               +--------+--------+--------+--------+--------+-----+--------+

Top non-repeatable levels by time:
       D: 1621 daAuts
